 Dungeon Crawl Stone Soup version 0.19.5 (webtiles) character file.

12390 Gargoyl the Agent of Entropy (level 11, -8/94 HPs)
             Began as a Ghoul Abyssal Knight on Mar 31, 2017.
             Was a Priest of Lugonu.
             Mangled by a yak (9 damage)
             ... on level 3 of the Lair of Beasts on Apr 2, 2017.
             The game lasted 00:32:14 (11387 turns).

Gargoyl the Agent of Entropy (GhAK)                Turns: 11387, Time: 00:32:15

Health: -8/94      AC: 16    Str: 19    XL:     11   Next: 92%
Magic:  16/16      EV:  7    Int:  7    God:    Lugonu [***...]
Gold:   327        SH:  8    Dex: 11    Spells: 0 memorised, 10 levels left

rFire  . . .     SeeInvis .     n - +0 broad axe
rCold  + . .     Gourm    .     b - +1 plate armour
rNeg   + + +     Faith    .     p - +3 warlock's mirror {reflect}
rPois  ∞         Spirit   .     z - +0 helmet
rElec  .         Reflect  +     (no cloak)
rCorr  .         Harm     .     (no gloves)
MR     .....                    (no boots)
Stlth  ..........               i - amulet of regeneration
                                (no ring)
                                A - +2 ring of strength

@: about to teleport, rotting
A: rotting body, claws 1, carnivore 3, cold resistance 1, negative energy
resistance 3, slow regeneration 1, torment resistance, unbreathing
a: Depart the Abyss, Bend Space, Banish, Renounce Religion


You were on level 3 of the Lair of Beasts.
You worshipped Lugonu.
Lugonu was most pleased with you.
You were not hungry.

You visited 2 branches of the dungeon, and saw 14 of its levels.
You visited the Abyss 1 time.

You collected 717 gold pieces.
You spent 390 gold pieces at shops.

Inventory:

Hand Weapons
 a - a +1 hand axe
 n - a +0 broad axe (weapon)
 o - a +3 war axe
 B - the +1 trident of Conscience {flame, rF+ MR+}
   (You found it on level 8 of the Dungeon)

   It has been specially enchanted to burn those struck by it, causing extra
   injury to most foes and up to half again as much damage against particularly
   susceptible opponents.
   It protects you from fire.
   It affects your resistance to hostile enchantments.
Missiles
 j - 9 tomahawks (quivered)
Armour
 b - a +1 plate armour (worn)
 p - the +3 warlock's mirror (worn) {reflect}
   (You found it on level 4 of the Dungeon)
 z - a +0 helmet (worn)
Jewellery
 i - an amulet of regeneration (around neck)
 x - a +3 amulet of reflection
 A - a +2 ring of strength (left claw)
 G - an uncursed ring of ice
 J - an uncursed amulet of the gourmand {unknown}
Wands
 e - a wand of polymorph (10/24)
 h - a wand of flame (23/48)
 l - a wand of slowing (4/48)
 q - a wand of digging (1/24)
 w - a wand of iceblast (4/15)
 C - a wand of lightning (3/15)
 F - a wand of acid (0/15)
 I - a wand of lightning (6/15)
Scrolls
 f - 3 scrolls of teleportation
 r - 2 scrolls of identify
 s - 2 scrolls of amnesia
 y - a scroll of magic mapping
 D - a scroll of recharging
 K - a scroll of remove curse
Potions
 g - a potion of brilliance
 t - 2 potions of flight
 H - a potion of resistance
Books
 k - a book of Battle

   Spells                             Type                      Level
   a - Infusion                       Charms                       1
   b - Shroud of Golubria             Charms/Translocation         2
   c - Song of Slaying                Charms                       2
   d - Spectral Weapon                Hexes/Charms                 3
   e - Regeneration                   Charms/Necromancy            3
 u - a Young Poisoner's Handbook

   Spells                             Type                      Level
   a - Sting                          Conjuration/Poison           1
   b - Mephitic Cloud                 Conjuration/Poison/Air       3
   c - Olgreb's Toxic Radiance        Poison                       4
   d - Alistair's Intoxication        Transmutation/Poison         5
   e - Venom Bolt                     Conjuration/Poison           5
Comestibles
 c - 6 meat rations
 d - 7 beef jerkies
 m - a slice of pizza
 v - 11 royal jellies


   Skills:
 + Level 8.2 Fighting
 + Level 8.4(9.1) Axes
 + Level 5.1(7.4) Polearms
 + Level 0.8 Throwing
 * Level 9.1 Armour
 + Level 1.5 Dodging
 + Level 4.9 Shields
 * Level 9.1 Invocations
 + Level 0.3 Evocations


You had 10 spell levels left.
You didn't know any spells.

Dungeon Overview and Level Annotations

Branches:
Dungeon (11/15)            Temple (0/1) D:7            Lair (3/6) D:8
 Shoals (0/4) Lair:2
  Snake: Lair:2-4    Spider: Lair:2-4       Orc: D:9-12

Altars:
Fedhas
Qazlal
Ru
Trog
Xom
Yredelemnul
Zin
The Shining One

Shops:
D:8 =

Annotations:
D:4 Robin
Lair:2 Rupert
Lair:3 Snorg


Innate Abilities, Weirdness & Mutations

Your body is rotting away.
You thrive on raw meat.
You are immune to poison.
You have sharp fingernails.
You are carnivorous and can eat meat at any time.
Your flesh is cold resistant. (rC+)
You are immune to negative energy. (rN+++)
You regenerate slowly when monsters are visible.
You are immune to unholy pain and torment.
You can survive without breathing.


Message History

Unknown command.
You hit the yak but do no damage.
The yak is almost dead.
Your plate armour prevents you from hitting the yak.
You hit the yak.
You kill the yak!
Lugonu accepts your kill.
You hit the yak.
You block the yak's attack. x2; The yak closely misses you.
You hit the yak.
The yak is almost dead.
You barely miss the yak. You hit the yak. You block the yak's attack.
The yak gores you!
* * * LOW HITPOINT WARNING * * *
The yak gores you!
* * * LOW HITPOINT WARNING * * *
Okay, then.
As you read the scroll of teleportation, it crumbles to dust.
You feel strangely unstable. The yak gores you but does no damage.
The yak gores you!
You die...

... ... ....
.....## .....#.
###
.......#PP###..
......Y........
......Y@.......
.......Y.......
...............
##..#..##.##.#.
## ### ## #


You could see 3 yaks.

Vanquished Creatures
  A shining eye (Abyss:1)
  A black mamba (Lair:1)
  2 spiny frogs
  A komodo dragon (Lair:3)
  A queen bee (Lair:2)
  The ghost of Goboxel the Skirmisher, an amateur DsAK of Lugonu (D:4)
  A merfolk (D:9)
  2 hippogriffs
  5 blink frogs (Lair:2)
  11 yaks
  Eustachio (D:4)
  A hungry ghost (D:7)
  Menkaure (D:5)
  3 water moccasins
  7 porcupines
  2 phantoms
  A black bear (D:8)
  2 ice beasts
  2 sky beasts
  5 wolves
  6 ogres
  A crocodile (Lair:1)
  3 bullfrogs
  A gnoll sergeant (D:11)
  A wyvern skeleton (D:8)
  20 killer bees
  A howler monkey (D:5)
  4 crimson imps
  A bullfrog zombie (D:8)
  3 hounds
  A quasit (D:5)
  3 centaur skeletons
  2 centaur zombies
  2 jellies
  A bullfrog skeleton (D:5)
  An orc priest (D:6)
  5 orc wizards
  11 worker ants
  A mummy (D:4)
  10 gnolls
  A howler monkey skeleton (D:5)
  9 adders
  3 shadow imps
  12 white imps (Lair:2)
  An ooze (D:5)
  An adder zombie (D:6)
  3 worms
  A dart slug (D:1)
  4 leopard geckos
  22 orcs
  9 bats
  4 giant cockroaches
  23 hobgoblins
  5 jackals
  16 kobolds
  3 quokkas
  3 ball pythons
  6 frilled lizards
  14 goblins
  A goblin zombie (D:5)
  5 hobgoblin zombies
  A kobold skeleton (D:5)
  A leopard gecko skeleton (D:8)
  2 orc zombies (D:4)
  2 quokka skeletons
  3 quokka zombies
  6 rats
290 creatures vanquished.

Vanquished Creatures (others)
  The ghost of happy2pester the Basher, a journeyman HOFi of Beogh (D:9)
  A hydra (Lair:2)
  2 spiny frogs (Lair:1)
  3 yaks (Lair:2)
  4 killer bees (Lair:2)
  4 fungi
  2 plants
  4 toadstools (D:1)
21 creatures vanquished.

Grand Total: 311 creatures vanquished

Notes
Turn   | Place    | Note
-------+----------+-------------------------------------------
     0 | Abyss:1  | Gargoyl the Ghoul Abyssal Knight began the quest for the Orb.
     0 | Abyss:1  | Reached XP level 1. HP: 19/19 MP: 1/1
     2 | Abyss:1  | Found a corrupted altar of Lugonu.
    55 | Abyss:1  | Noticed a shining eye
   118 | Abyss:1  | Killed a shining eye
   118 | Abyss:1  | Reached skill level 1 in Dodging
   118 | Abyss:1  | Reached XP level 2. HP: 30/30 MP: 1/3
   118 | Abyss:1  | Reached XP level 3. HP: 37/37 MP: 1/4
   118 | Abyss:1  | Reached XP level 4. HP: 44/44 MP: 1/5
   118 | Abyss:1  | Reached XP level 5. HP: 50/50 MP: 1/6
   118 | Abyss:1  | Reached XP level 6. HP: 57/57 MP: 1/7
   123 | Abyss:1  | Noticed a smoke demon
   124 | D:1      | Escaped the Abyss
   352 | D:1      | Reached * piety under Lugonu
  1005 | D:2      | Reached XP level 7. HP: 63/63 MP: 8/8
  1742 | D:3      | Reached ** piety under Lugonu
  2680 | D:4      | Noticed Goboxel's ghost (amateur DsAK)
  2703 | D:4      | Killed Goboxel's ghost
  2724 | D:4      | Found a basalt altar of Yredelemnul.
  2727 | D:4      | Found a sacrificial altar of Ru.
  2935 | D:4      | Noticed Robin
  2981 | D:4      | Reached XP level 8. HP: 26/71 MP: 9/9
  3166 | D:4      | Found a glowing silver altar of Zin.
  3424 | D:4      | Noticed Eustachio
  3591 | D:4      | Killed Eustachio
  3591 | D:4      | Reached skill level 5 in Axes
  3898 | D:5      | Entered Level 5 of the Dungeon
  3947 | D:5      | Noticed Menkaure
  3955 | D:5      | Killed Menkaure
  3960 | D:5      | Reached skill level 1 in Shields
  4172 | D:5      | Found a glowing golden altar of the Shining One.
  4199 | D:5      | Reached skill level 5 in Invocations
  4200 | D:5      | Reached skill level 5 in Armour
  4271 | D:5      | Reached XP level 9. HP: 77/78 MP: 11/11
  4343 | D:5      | Reached *** piety under Lugonu
  5163 | D:6      | Found a blossoming altar of Fedhas.
  5774 | D:7      | You fall through a shaft for 2 floors!
  5793 | D:9      | Identified a scroll of acquirement
  5794 | D:9      | Got a distressingly furry shield
  5805 | D:9      | Identified the +0 shield of Atheism {*Slow +Fly rPois Int-4} (You acquired it on level 9 of the Dungeon)
  5844 | D:9      | Noticed happy2pester's ghost (journeyman HOFi)
  5933 | D:8      | You fall through a shaft for 3 floors!
  5933 | D:11     | Noticed a hill giant
  5933 | D:11     | Noticed a white ugly thing
  6111 | D:10     | Entered Level 10 of the Dungeon
  6194 | D:9      | Found a bloodstained altar of Trog.
  6209 | D:9      | Reached **** piety under Lugonu
  6245 | D:9      | Found a shimmering altar of Xom.
  6263 | D:9      | Found a stormy altar of Qazlal.
  6342 | D:9      | Noticed a merfolk
  6377 | D:9      | Killed a merfolk
  6377 | D:9      | Reached XP level 10. HP: 45/86 MP: 14/14
  6478 | D:8      | Found Usaathra's Jewellery Boutique.
  6481 | D:8      | Bought a +3 amulet of reflection for 300 gold pieces
  6481 | D:8      | Bought a +2 ring of strength for 90 gold pieces
  7091 | D:7      | Found a staircase to the Ecumenical Temple.
  7464 | D:8      | Got a warped trident
  7465 | D:8      | Identified the +1 trident of Conscience {flame, rF+ MR+} (You found it on level 8 of the Dungeon)
  7523 | D:8      | Found a staircase to the Lair.
  7701 | D:8      | Reached ***** piety under Lugonu
  8217 | D:9      | Banished happy2pester's ghost
  8217 | D:9      | Reached skill level 1 in Polearms
  8323 | Lair:1   | Entered Level 1 of the Lair of Beasts
  8384 | Lair:1   | Noticed a spiny frog
  8402 | Lair:1   | Banished a spiny frog
  8627 | Lair:1   | Noticed a spiny frog
  8628 | Lair:1   | Noticed a spiny frog
  8648 | Lair:1   | Killed a spiny frog
  8653 | Lair:1   | Banished a spiny frog
  8859 | Lair:1   | Noticed a black mamba
  8873 | Lair:1   | Killed a black mamba
  8873 | Lair:1   | Reached XP level 11. HP: 44/93 MP: 16/16
  9645 | Lair:2   | Found a staircase to the Shoals.
  9686 | Lair:2   | HP: 3/94 [yak (8)]
  9861 | Lair:2   | Got a faintly glowing rapier
  9862 | Lair:2   | Identified the +4 rapier "Duirrirgh" {pierce, *Corrode rPois Str+3} (You found it on level 2 of the Lair of Beasts)
 10085 | Lair:2   | Reached skill level 5 in Polearms
 10238 | Lair:2   | Noticed a seven-headed hydra
 10242 | Lair:2   | Banished a seven-headed hydra
 11226 | Lair:3   | Noticed Rupert
 11246 | Lair:3   | Noticed Snorg
 11386 | Lair:3   | HP: 1/94 [yak (11)]
 11387 | Lair:3   | Mangled by a yak

Skill      XL: |  1  2  3  4  5  6  7  8  9 10 11 |
---------------+----------------------------------+-----
Fighting       | 6 7 8 |  8.2
Axes           | 3 4 6 7 8 |  8.4
Armour         | 2 3 4 5 7 9 |  9.1
Dodging        | 1 |  1.5
Invocations    | 3 5 7 8 9 |  9.1
Shields        | 1 2 3 4 |  4.9
Polearms       | 3 5 |  5.1
Throwing       | |  0.8
Evocations     | |  0.3

Action                   |  1- 3 |  4- 6 |  7- 9 | 10-12 || total
-------------------------+-------+-------+-------+-------++-------
Melee: Hand axe          |    21 |   126 |   170 |       ||   317
       War axe           |       |       |   524 |   207 ||   731
       Trident           |       |       |       |   412 ||   412
       Broad axe         |       |       |       |   132 ||   132
Throw: Tomahawk          |       |       |     2 |    17 ||    19
Invok: Depart the Abyss  |       |     1 |       |       ||     1
       Bend Space        |       |       |     1 |     4 ||     5
       Banish            |       |       |     3 |    14 ||    17
Evoke: Wand              |       |       |     2 |     4 ||     6
  Use: Scroll            |     1 |     4 |    11 |    11 ||    27
       Potion            |       |       |     9 |     5 ||    14
  Eat: Chunk             |       |    10 |    59 |    53 ||   122
       Pizza             |       |       |       |     1 ||     1
Armor: Plate armour      |       |    96 |   572 |   599 ||  1267
       Ring mail         |       |     8 |       |       ||     8
Dodge: Dodged            |       |    65 |   235 |   271 ||   571
Block: Buckler           |       |       |   195 |   381 ||   576
       Reflection        |       |       |    12 |    13 ||    25
